 Dungeon Crawl Stone Soup version 0.30-a0-1157-g2cc9ac7196 (webtiles) character file.

Game seed: 13488158830334389349

771 hwolsky the Chopper (level 7, -2/62 HPs)
             Began as a Minotaur Fighter on Apr 24, 2023.
             Slain by an ice beast (10 damage)
             ... on level 5 of the Dungeon.
             The game lasted 00:10:18 (3807 turns).

hwolsky the Chopper (Minotaur Fighter)              Turns: 3807, Time: 00:10:20

Health: -2/62      AC:  8    Str: 31    XL:     7   Next: 53%
Magic:  6/6        EV:  9    Int:  5    God:
Gold:   221        SH:  9    Dex: 10    Spells: 6/6 levels left

rFire   . . .        a - +1 war axe
rCold   . . .        r - +0 kite shield
rNeg    + . .        b - +0 scale mail
rPois   .            (helmet restricted)
rElec   +            (no cloak)
rCorr   .            (no gloves)
SInv    .            k - +0 pair of boots
Will    .....        (no amulet) Stlth
                     j - +6 ring of strength
HPRegen 0.30/turn    h - ring of Gaipho {rElec rN+ Str+3}
MPRegen 0.10/turn

%: no passive effects
@: mighty
A: horns 2, retaliatory headbutt
a: no special abilities


You were on level 5 of the Dungeon.
You visited 1 branch of the dungeon, and saw 5 of its levels.

You collected 221 gold pieces.

Inventory:

Hand Weapons
 a - a +1 war axe (weapon)
Missiles
 l - 3 curare-tipped darts (quivered)
 m - 9 poisoned darts
 w - a throwing net
 y - 3 boomerangs
Armour
 b - a +0 scale mail (worn)
 c - a +1 buckler
 k - a +0 pair of boots (worn)
 r - a +0 kite shield (worn)
Jewellery
 e - an amulet of magic regeneration
 f - a ring of willpower
 g - a +5 ring of evasion
 h - the ring of Gaipho (right hand) {rElec rN+ Str+3}
   (You found it on level 2 of the Dungeon)

   [ring of positive energy]

   Str:       It affects your strength (+3).
   rElec:     It insulates you from electricity.
   rN:        It protects you from negative energy.
 j - a +6 ring of strength (left hand)
 n - a ring of protection from cold
 v - a +6 ring of intelligence
 x - a ring of willpower
Wands
 u - a wand of polymorph (3)
Scrolls
 s - a scroll of enchant weapon
 t - a scroll of magic mapping
Potions
 i - 2 potions of berserk rage {unknown}
 o - 2 potions of heal wounds {unknown}
 p - a potion of magic {unknown}
 q - 2 potions of mutation {unknown}


   Skills:
 + Level 5.7 Fighting
 * Level 6.7 Axes
 + Level 5.8 Armour
 + Level 5.7 Shields


You had 6 spell levels left.
You didn't know any spells.
Your spell library contained the following spells:

 Spells                   Type           Power      Damage    Failure   Level
 Sandblast                Erth           0%         2d4       87%         1
 Passwall                 Tmut/Erth      0%         N/A       95%         2
 Stone Arrow              Conj/Erth      0%         3d7       99%         3


Dungeon Overview and Level Annotations

Branches:
Dungeon (5/15)
 Temple: D:4-7

Altars:

Annotations:
D:5 Dowan, Duvessa


Innate Abilities, Weirdness & Mutations

You have a pair of horns on your head.
You reflexively headbutt those who attack you in melee.


Message History

You headbutt the sleepcap. You slash the sleepcap!
You destroy the sleepcap!
The orc hits you but does no damage.
You slash the orc!
You kill the orc!
You completely miss the hound. The hound bites you.
* * * LOW HITPOINT WARNING * * *
The hound completely misses you. You furiously retaliate!
You headbutt the hound!
An ice beast comes into view.
You closely miss the hound.
The hound is almost dead.
The hound barely misses you. You furiously retaliate!
You headbutt the hound!!
You kill the hound!
Things that are here:
a +0 morningstar; an orc corpse; a black bear corpse You barely miss Duvessa.
Duvessa hits you but does no damage.
You slice Duvessa!! Your headbutt misses Duvessa.
Duvessa is severely wounded.
Dowan, Brother of Duvessa comes into view.
He is wielding a +0 dagger and carrying a wand of roots (6).
Duvessa barely misses you. You furiously retaliate!
You headbutt Duvessa!
An adder comes into view.
You closely miss Duvessa.
Duvessa is almost dead.
The adder hisses angrily.
Dowan gestures wildly while chanting.
Dowan blinks!
Duvessa hits you but does no damage. You block Duvessa's attack.
You completely miss Duvessa. Your headbutt misses Duvessa.
Duvessa is almost dead.
You slash the adder! The adder bites you.
* * * LOW HITPOINT WARNING * * *
Duvessa barely misses you.
You barely miss Duvessa.
Duvessa is almost dead.
You hit the ice beast. You barely miss the adder. You block the adder's attack.
You block Duvessa's attack. The ice beast hits you.
* * * LOW HITPOINT WARNING * * *
The ice beast freezes you!
You die...

#.#............#..##
>.....#....##......# .
#...###....####....###..
#####.......#..........
##..#..#.....#....
##.##.#.......##.
...#........## ..
##...(.S.####.. ...
#.....@e..?....
...#....Y##.?....
...#...).##......
###>..........(...
##.###.###...... ...
#..# .)... .. .... ....
..... .. #...... .


You could see Duvessa, an ice beast and an adder.

Vanquished Creatures
  Grinder (D:5)
  Eustachio (D:5)
  A black bear (D:5)
  2 hounds (D:5)
  An iguana (D:4)
  A sleepcap (D:5)
  Natasha (thrice) (D:3)
  4 gnolls (D:4)
  5 adders
  A white imp (D:5)
  2 worms
  A dart slug (D:3)
  3 orcs
  7 bats
  9 endoplasms
  A giant cockroach (D:1)
  2 goblins
  4 hobgoblins
  4 jackals
  A quokka (D:1)
  8 ball pythons
  11 frilled lizards (D:1)
  5 kobolds
  3 rats
  10 bushes (D:1)
91 creatures vanquished.

Vanquished Creatures (others)
  11 plants (D:1)
11 creatures vanquished.

Grand Total: 102 creatures vanquished

Notes
Turn   | Place    | Note
-------+----------+-------------------------------------------
     0 | D:1      | hwolsky the Minotaur Fighter began the quest for the Orb.
     0 | D:1      | Reached XP level 1. HP: 19/19 MP: 0/0
   719 | D:1      | Reached XP level 2. HP: 27/27 MP: 1/1
  1052 | D:1      | Reached skill level 3 in Axes
  1166 | D:1      | Reached XP level 3. HP: 33/33 MP: 2/2
  1407 | D:2      | Identified the ring of Gaipho {rElec rN+ Str+3}
  2214 | D:3      | Reached XP level 4. HP: 35/40 MP: 3/3
  2379 | D:3      | Found a faded altar of an unknown god.
  2535 | D:3      | Noticed Natasha
  2542 | D:3      | Killed Natasha
  2543 | D:3      | Reached skill level 4 in Axes
  2714 | D:3      | Noticed Natasha
  2769 | D:3      | Killed Natasha
  2770 | D:3      | Reached XP level 5. HP: 47/47 MP: 4/4
  2814 | D:3      | Noticed Natasha
  2818 | D:3      | Killed Natasha
  3149 | D:4      | Identified the +11 sling of Yniocol {speed, Fly}
  3171 | D:4      | Reached skill level 5 in Axes
  3664 | D:5      | Entered Level 5 of the Dungeon
  3683 | D:5      | Noticed Grinder
  3698 | D:5      | Reached skill level 5 in Armour
  3698 | D:5      | Reached XP level 6. HP: 48/55 MP: 5/5
  3701 | D:5      | Paralysed by Grinder for 3 turns
  3707 | D:5      | Killed Grinder
  3708 | D:5      | Reached skill level 5 in Fighting
  3708 | D:5      | Reached skill level 5 in Shields
  3766 | D:5      | Noticed Eustachio
  3780 | D:5      | Reached skill level 6 in Axes
  3780 | D:5      | Reached XP level 7. HP: 61/61 MP: 6/6
  3797 | D:5      | Killed Eustachio
  3797 | D:5      | Noticed Duvessa
  3804 | D:5      | Noticed Dowan
  3807 | D:5      | Slain by an ice beast

Illustrated notes

Levels and vault maps discovered:
D:1:      psy_arrival_dodecagon, layout_loops_ring, serial_forest,
          infiniplex_forest_clump_long, infiniplex_forest_fountain,
          infiniplex_forest_lined_2, infiniplex_forest_clump_cross,
          infiniplex_forest_straight_3, minmay_lizard_king
D:2:      layout_rooms, serial_corexii_hall, chequers_hall_statues_wall_a,
          corexii_hall_statues_l, corexii_hall_statues_deadend,
          chequers_hall_statues_corner_a
D:3:      layout_basic, hellmonk_ecumenical_altar_zigzags, uniq_natasha
D:4:      layout_loops_cross, kennysheep_generic_room_4
D:5:      layout_cave_pools, grunt_ashenzari_visionary
          [grunt_ashenzari_visionary_shoals, grunt_ashenzari_visionary_spider],
          serial_shops, nicolae_shop_back_alley_shop, serial_bayou_pond_e,
          minmay_checkerbox, uniq_eustachio, uniq_duvessa, uniq_grinder,
          uniq_prince_ribbit1

Skill      XL: |  1  2  3  4  5  6 |
---------------+-------------------+-----
Axes           | 3 4 5 6 |  6.7
Armour         | 4 5 |  5.8
Shields        | 4 5 |  5.7
Fighting       | 4 5 |  5.7

Action                     |  1- 3 |  4- 6 |  7- 9 || total
---------------------------+-------+-------+-------++-------
  Melee: War axe           |   511 |    57 |    24 ||   592
         Headbutt          |   149 |    10 |     3 ||   162
  Throw: Dart              |       |    12 |       ||    12
    Use: Scroll            |     4 |     2 |       ||     6
         Potion            |     1 |       |     1 ||     2
 Armour: Scale mail        |    39 |    25 |     7 ||    71
  Dodge: Dodged            |    48 |    26 |     8 ||    82
  Block: Buckler           |    29 |     1 |       ||    30
         Kite shield       |       |    35 |    12 ||    47

Table legend: (Time is in decaauts)
 A = Elapsed time spent in this place.
 B = Non-inter-level travel time spent in this place.
 C = Inter-level travel time spent in this place.
 D = Time resting spent in this place.
 E = Time spent auto-exploring this place.
 F = Levels seen in this place.
 G = Mean time per level.
                   A        B        C        D        E       F      G
               +--------+--------+--------+--------+--------+-----+--------+
         Total |   3994 |   3804 |    190 |    100 |   2126 |   5 |  798.8 |
       Dungeon |   3994 |   3804 |    190 |    100 |   2126 |   5 |  798.8 |
               +--------+--------+--------+--------+--------+-----+--------+

Top non-repeatable levels by time:
     D:1: 1547 daAuts
     D:3: 926 daAuts
     D:4: 798 daAuts
     D:2: 567 daAuts
     D:5: 154 daAuts
